 Dungeon Crawl Stone Soup version 0.25-a0-413-g3b4b6a4ccc (webtiles) character file.

Game seed: 5775111613484059439, levelgen mode: deterministic

66 Borgoz the Skirmisher (level 4, -11/29 HPs)
             Began as a Gargoyle Berserker on Jan 15, 2020.
             Was a Believer of Trog.
             Blown up by Ijyb (30 damage)
             ... with a disintegration bolt
             ... on level 2 of the Dungeon.
             The game lasted 00:01:21 (1231 turns).

Borgoz the Skirmisher (Gargoyle Berserker)          Turns: 1231, Time: 00:01:21

Health: -11/29     AC: 13    Str: 22    XL:     4   Next: 15%
Magic:  4/4        EV: 11    Int:  7    God:    Trog [**....]
Gold:   71         SH:  0    Dex:  9    Spells: 3/3 levels left

rFire    . . .     SeeInvis .   a - +0 mace
rCold    . . .     Gourm    .   (no shield)
rNeg     + . .     Faith    .   i - +0 ring mail
rPois    ∞         Spirit   .   h - +0 helmet
rElec    +         Reflect  .   d - +2 cloak
rCorr    .         Harm     .   (no gloves)
MR       .....                  (no boots)
Stlth    ..........             (no amulet)
HPRegen  0.09/turn              (no ring)
MPRegen  0.09/turn              (no ring)

@: no status effects
A: negative energy resistance 1, electricity resistance, unbreathing,
petrification resistance, rot immunity, AC +3
a: Berserk, Trog's Hand, Renounce Religion


You were on level 2 of the Dungeon.
You worshipped Trog.
Trog was pleased with you.
You were not hungry.

You visited 1 branch of the dungeon, and saw 2 of its levels.

You collected 71 gold pieces.

Inventory:

Hand Weapons
 a - a +0 mace (weapon)
Armour
 d - a +2 cloak (worn)
 h - a +0 helmet (worn)
 i - a +0 ring mail (worn)
Scrolls
 b - a scroll of identify {unknown}
 e - a scroll of enchant weapon {unknown}
 g - a scroll of teleportation {unknown}
Potions
 f - 2 potions of heal wounds {unknown}
Comestibles
 c - 2 rations


   Skills:
 + Level 3.9 Fighting
 + Level 3.5 Maces & Flails
 + Level 2.9 Armour
 + Level 2.2 Dodging


You had 3 spell levels left.
You didn't know any spells.
Your spell library was empty.

Dungeon Overview and Level Annotations

Branches:
Dungeon (2/15)

Altars:

Annotations:
D:2 Ijyb


Innate Abilities, Weirdness & Mutations

You are resistant to torment.
Your stone body is resilient. (AC +3)
You are immune to poison.
You resist negative energy. (rN+)
You are resistant to electric shocks. (rElec)
You can survive without breathing.
You are immune to petrification.
You are immune to rotting.


Message History

Ijyb hits you but does no damage.
You barely miss Ijyb.
Ijyb is moderately wounded.
The goblin hits you but does no damage. The goblin barely misses you.
The goblin hits you but does no damage. Ijyb hits you but does no damage.
The goblin hits you but does no damage.
You hit Ijyb.
Ijyb is heavily wounded.
The goblin barely misses you.
The goblin hits you but does no damage. x2
Ijyb hits you. The goblin completely misses you. The goblin barely misses you.
The goblin hits you but does no damage. The goblin closely misses you.
You closely miss Ijyb.
Ijyb is heavily wounded.
Ijyb hits you. The goblin misses you. The goblin hits you but does no damage.
The goblin closely misses you. x2
You hit Ijyb but do no damage.
Ijyb is heavily wounded.
Ijyb zaps a wand.
You are blasted!
Ouch! That really hurt!
You die...

###########.# #...#
#....?..# #.# #...#
#8.....8# #.# ##..#
#.......# #.# ##<#
#8.....8###.#####.#
#.......##........#
#8.....8##..#####.#
#...ggg.##......#.#
#8..g@g8#...###.#.#
#.......##### #.#.#
..........#######.#.####
..........$....).......#
.###.................#.#
#.....#....###.##.#
......###..........#
......#.#.##.###.##.#
..#.## #.. #.# #.. #


You could see Ijyb and 4 goblins.

Vanquished Creatures
  Robin (D:2)
  An adder (D:2)
  An ooze (D:2)
  2 dart slugs (D:1)
  A giant cockroach (D:1)
  12 goblins
  5 hobgoblins
  3 jackals (D:2)
  A quokka (D:2)
  4 bats
  3 rats (D:1)
34 creatures vanquished.

Notes
Turn   | Place    | Note
-------+----------+-------------------------------------------
     0 | D:1      | Borgoz the Gargoyle Berserker began the quest for the Orb.
     0 | D:1      | Reached XP level 1. HP: 14/14 MP: 1/1
    65 | D:1      | Reached XP level 2. HP: 7/19 MP: 2/2
   899 | D:2      | Noticed Robin
   905 | D:2      | Reached XP level 3. HP: 20/23 MP: 3/3
   917 | D:2      | Reached ** piety under Trog
   933 | D:2      | Killed Robin
  1173 | D:2      | Reached XP level 4. HP: 29/29 MP: 4/4
  1216 | D:2      | Noticed Ijyb
  1231 | D:2      | Blown up by Ijyb

Levels and vault maps discovered:
D:1:      dpeg_arrival_erosion, layout_basic, st_stairs_8
D:2:      kennysheep_the_goblin_king, layout_loops_ring, marbit_many_paths,
          minmay_increasing_density, uniq_robin

Skill      XL: |  1  2 |
---------------+-------+-----
Dodging        | 2 |  2.2
Fighting       | |  3.9
Maces & Flails | |  3.5
Armour         | |  2.9

Action                   |  1- 3 |  4- 6 || total
-------------------------+-------+-------++-------
Melee: Mace              |    86 |    24 ||   110
Invok: Berserk           |     1 |       ||     1
  Eat: Chunk             |     2 |       ||     2
Armor: Animal skin       |     5 |       ||     5
       Ring mail         |    34 |    32 ||    66
Dodge: Dodged            |    73 |    29 ||   102

Table legend:
 A = Non-vault XP
 B = Vault XP
 C = Vault XP percentage of total XP
 D = Non-vault monster count
 E = Vault monster count
 F = Vault count percentage of total count
                 A         B        C        D         E       F
            +---------+---------+-------+---------+---------+-------
      Total |      53 |      42 |  44.2 |      19 |      15 |  44.1
            +---------+---------+-------+---------+---------+-------
        D:1 |      17 |       3 |  15.0 |       8 |       2 |  20.0
        D:2 |      36 |      39 |  52.0 |      11 |      13 |  54.2
            +---------+---------+-------+---------+---------+-------
